 Dungeon Crawl Stone Soup version 0.19.0-9-gfd783f2 (webtiles) character file.

134 Rrauwl the Insei (level 4, -4/37 HPs)
             Began as a Draconian Transmuter on Nov 8, 2016.
             Slain by Duvessa
             ... wielding a +0 short sword
              (9 damage)
             ... on level 4 of the Dungeon.
             The game lasted 00:26:54 (3314 turns).

Rrauwl the Insei (Draconian Transmuter)             Turns: 3314, Time: 00:26:55

Health: -4/37      AC:  7    Str: 12    XL:     4   Next: 95%
Magic:  7/7        EV: 12    Int: 17    God:
Gold:   193        SH:  0    Dex: 13    Spells: 0 memorised, 7 levels left

rFire  . . .     SeeInvis .     q - +0 war axe
rCold  . . .     Gourm    .     (armour unavailable)
rNeg   . . .     Faith    .     (no shield)
rPois  .         Spirit   .     (helmet restricted)
rElec  .         Reflect  .     (no cloak)
rCorr  .         Harm     .     s - +1 pair of gloves
MR     .....                    (no boots)
Stlth  +.........               h - amulet of magic regeneration
                                (no ring)
                                l - +4 ring of intelligence

@: heavily drained
A: unfitting armour, cold-blooded, AC +5
a: no special abilities


You were on level 4 of the Dungeon.
You were not hungry.

You visited 1 branch of the dungeon, and saw 4 of its levels.

You collected 193 gold pieces.

Inventory:

Hand Weapons
 d - a +0 flail
 e - a +0 whip
 g - a +0 flail
 i - a +0 hand axe
 k - a +0 mace
 m - a +0 hunting sling
 q - a +0 war axe (weapon)
 t - a +0 hunting sling
 w - a +0 hand axe
 x - a +0 flail
 y - a +0 spear
 B - a +0 hand axe
 E - a +0 hand axe
 F - a +0 glaive
 I - a +0 quarterstaff
Missiles
 a - 57 arrows
 j - 28 bolts
 n - 11 poisoned needles
 p - 98 stones (quivered)
 u - 27 sling bullets
Armour
 s - a +1 pair of gloves (worn)
 C - a +1 chain mail of cold resistance
Jewellery
 f - an uncursed amulet of harm
 h - an amulet of magic regeneration (around neck)
 l - a +4 ring of intelligence (left hand)
Wands
 v - a wand of paralysis (5/24)
Scrolls
 o - a scroll of blinking
 z - a scroll of amnesia
Potions
 r - a potion of lignification
Books
 b - a book of Changes

   Spells                             Type                      Level
   a - Beastly Appendage              Transmutation                1
   b - Sticks to Snakes               Transmutation                2
   c - Spider Form                    Transmutation/Poison         3
   d - Ice Form                       Ice/Transmutation            4
   e - Blade Hands                    Transmutation                5
Comestibles
 c - 4 bread rations
 G - a meat ration
 H - a slice of pizza


   Skills:
 + Level 2.4(1.0) Fighting
   Level 0.4(0.0) Short Blades
 + Level 0.2(0.0) Axes
 + Level 1.6(0.2) Maces & Flails
 + Level 2.7(1.3) Dodging
 + Level 1.0(0.0) Stealth
 + Level 3.5(2.1) Unarmed Combat
 + Level 2.2(0.9) Spellcasting
   Level 2.1(0.7) Transmutations


You had 7 spell levels left.
You didn't know any spells.

Dungeon Overview and Level Annotations

Branches:
Dungeon (4/15)
 Temple: D:4-7

Altars:
Fedhas
The Shining One

Annotations:
D:3 Salmoras's ghost, amateur DgWn
D:4 Dowan; Duvessa


Innate Abilities, Weirdness & Mutations

Your plain brown scales are hard. (AC +5)
You cannot fit into any form of body armour.
You are cold-blooded and may be slowed by cold attacks.


Message History

As you read the scroll of fear, it crumbles to dust.
You assume a fearsome visage.
Duvessa looks frightened!
Duvessa almost stumbles in trying to escape.
Zapping:
v - a wand of paralysis (will waste charges)
Press: ? - help, Shift-Dir - straight line, f - Duvessa
Aim: Duvessa, wielding a short sword (moderately wounded, fast, fleeing, chance to defeat MR: 28%)
Your attack snaps Duvessa out of her fear.
Duvessa easily resists.
Evoking this partially-identified wand wasted a few charges.
Dowan gestures wildly while chanting.
Dowan blinks!
Duvessa hits you but does no damage.
You hit Duvessa. You tail-slap Duvessa.
Duvessa is heavily wounded.
Duvessa hits you with a short sword!
* * * LOW HITPOINT WARNING * * *
Duvessa hits you but does no damage.
You hit Duvessa.
Duvessa is heavily wounded.
Duvessa hits you with a short sword!
You die...

#........#.......#
+........#.......#
#........#...##..#
...########...##..###
.... ..........#....#
.....
..........#....# ....
..........'....#
..........#....#
........@.#....#
........e.#....#
..........#....#
>.######..#...## #+
..###### ..# ...#
...# ....#


You could see Duvessa.

Vanquished Creatures
  3 adders
  2 worms
  A dart slug (D:1)
  4 leopard geckos
  6 orcs (D:3)
  5 giant cockroaches
  9 goblins
  14 hobgoblins
  12 jackals
  5 bats
  5 frilled lizards
  5 kobolds
  A quokka skeleton (D:4)
  10 rats
82 creatures vanquished.

Notes
Turn   | Place    | Note
-------+----------+-------------------------------------------
     0 | D:1      | Rrauwl the Draconian Transmuter began the quest for the Orb.
     0 | D:1      | Reached XP level 1. HP: 16/16 MP: 3/3
   163 | D:1      | Reached XP level 2. HP: 21/23 MP: 5/5
   638 | D:1      | Reached XP level 3. HP: 25/28 MP: 6/6
  1313 | D:2      | Reached XP level 4. HP: 23/36 MP: 7/7
  1816 | D:3      | Found a glowing golden altar of the Shining One.
  1816 | D:3      | Noticed Salmoras's ghost (amateur DgWn)
  2122 | D:3      | Reached skill level 1 in Maces & Flails
  2670 | D:3      | Found a blossoming altar of Fedhas.
  2827 | D:3      | Reached skill level 1 in Stealth
  3293 | D:4      | Noticed Dowan
  3297 | D:4      | Noticed Duvessa
  3314 | D:4      | Slain by Duvessa

Skill      XL: |  1  2  3  4 |
---------------+-------------+-----
Dodging        | 2 |  2.7
Fighting       | 2 |  2.4
Maces & Flails | 1 |  1.6
Stealth        | 1 |  1.0
Short Blades   | |  0.4
Axes           | |  0.2
Unarmed Combat | |  3.5
Spellcasting   | |  2.2
Transmutations | |  2.1

Action                   |  1- 3 |  4- 6 || total
-------------------------+-------+-------++-------
Melee: Unarmed           |    14 |       ||    14
       Club              |    22 |       ||    22
       Tailslap          |    22 |    18 ||    40
       Short sword       |   104 |       ||   104
       Punch             |     1 |     1 ||     2
       Mace              |    56 |    16 ||    72
       Flail             |       |    68 ||    68
       War axe           |       |    53 ||    53
Evoke: Wand              |       |     1 ||     1
  Use: Potion            |     2 |     7 ||     9
       Scroll            |     7 |     6 ||    13
 Stab: Sleeping          |     1 |     1 ||     2
  Eat: Pizza             |     1 |     1 ||     2
       Meat ration       |       |     1 ||     1
Armor: Skin              |    59 |    61 ||   120
Dodge: Dodged            |   138 |   153 ||   291
